AoeStats
← IccCce

Arena

507678496Analyzed
4v4 RM · 13d ago on Sep 19, 2026· 28m 35s· 8 players
Game mode
Random Map
Map size
Large (8 player)
Population
200
Speed
Normal
Resources
Standard
Victory
Conquest
Starting age
Dark Age
Ending age
Imperial Age
RankedLock teamsTeams togetherTeam positionsShared explorationLock speedFull tech treeHidden civsTurbo modeCheats
Victory
Defeat
🇨🇳 Turks · China
1083
+10
🇨🇳 Persians · China
1061
+11
🇨🇳 Aztecs · China
1056
+11
🇨🇳 Huns · China
1031
+12
🇹🇷 Gurjaras · Türkiye
980
-12
🇹🇷 Turks · Türkiye
978
-11
🇨🇳 Japanese · China
969
-12
🇨🇱 Goths · Chile
876
-9
Alfakong
0:26 Loom
12:27 Feudal Age
12:58 Horse Collar
13:06 Double-Bit Axe
13:06 Man-at-Arms
15:39 Man-at-Arms
17:07 Forging
20:17 Castle Age
18:20 Gold Mining
21:16 Bow Saw
21:15 Heavy Plow
20:48 Pikeman
23:30 Scale Mail Armor
24:34 Fervor
24:17 Stone Mining
24:24 Town Watch
25:02 Squires
26:28 Chain Mail Armor
Traygamor
3:26 Loom
10:55 Feudal Age
14:56 Castle Age
13:36 Double-Bit Axe
21:15 Imperial Age
21:13 Bow Saw
21:42 Padded Archer Armor
温州谷志豪
10:24 Feudal Age
16:07 Castle Age
15:38 Horse Collar
18:05 Double-Bit Axe
sonsehzadee
11:27 Feudal Age
14:30 Loom
15:04 Horse Collar
18:52 Castle Age
17:11 Stone Mining
17:16 Double-Bit Axe
17:45 Gold Mining
21:38 Heavy Plow
21:51 Bow Saw
22:40 Wheelbarrow
25:38 Hand Cart
26:25 Caravan
江
13:46 Feudal Age
17:59 Castle Age
18:09 Double-Bit Axe
22:28 Imperial Age
20:26 Gold Mining
22:14 Bow Saw
胜利如此简单
1:51 Loom
2:21 Loom
2:54 Loom
2:58 Loom
12:23 Feudal Age
14:21 Double-Bit Axe
14:45 Horse Collar
18:51 Castle Age
18:23 Wheelbarrow
22:26 Heavy Plow
24:21 Pikeman
29:25 Hand Cart
QAXIA
10:20 Feudal Age
14:08 Castle Age
16:30 Scale Barding Armor
16:11 Horse Collar
19:59 Double-Bit Axe
20:09 Loom
21:15 Wheelbarrow
21:41 Husbandry
23:17 Bloodlines
25:24 Forging
25:56 Gold Mining
IccCce
11:03 Feudal Age
11:40 Double-Bit Axe
17:24 Gold Mining
23:14 Castle Age
22:27 Forging
22:18 Scale Mail Armor
22:17 Gold Mining
22:18 Stone Mining
Connection lost

Rejoining the realm…

Still unreachable

The connection could not be restored.

Session expired

The server has moved on; the page needs a fresh start.